Cogmind - Beta 14 @@@ ROGUE MODE // 2025.04.28 @ 13:54:42 Player: jumpy Result: Destroyed by B-75 Beast with Magnetic Acceleration Cannon Performance ------------- Evolutions (2) 1000 Regions Visited (5) 1000 Robots Destroyed (52) 260 Value Destroyed (2535) 2535 Prototype IDs (2) 40 Alien Tech Used (0) 0 Bonus (654) 654 TOTAL SCORE: 5489 Bonus ------- High Alert Combat Kills 454 Entered Garrisons 200 Cogmind --------- Core Integrity 0/550 Matter 256/300 Energy 100/100 System Corruption 2% Temperature Cool (12) Movement Core (500) Ox9 Location -8/Garrison Parts ------- > --- POWER (1) -------- (None) > --- PROPULSION (4) --- (None) > --- UTILITY (4) ------ Large Storage Unit Improved Targeting Computer > --- WEAPON (2) ------- Magnetic Acceleration Cannon > --- INVENTORY (15) --- Light Nuclear Core Relay Coupler [NC] (25) Relay Coupler [Grunt] (29) Relay Coupler [Sentry] (22) Relay Coupler [Hunter] (16) Relay Coupler [Behemoth] (8) Shock Rifle Heavy Machine Gun Rocket Launcher Spear Peak State ------------ > --- POWER ------------ Improved Ion Engine > --- PROPULSION ------- Wheel Armored Wheel Armored Wheel > --- UTILITY ---------- Large Storage Unit Improved Targeting Computer Kinecellerator Hardened Medium Armor Plating > --- WEAPON ----------- Spread Laser Magnetic Acceleration Cannon > --- INVENTORY -------- Light Nuclear Core Hardened Medium Armor Plating Relay Coupler [NC] Relay Coupler [Grunt] Relay Coupler [Sentry] Relay Coupler [Hunter] Relay Coupler [Behemoth] Shock Rifle Particle Cannon Heavy Machine Gun Magnetic Acceleration Cannon Rocket Launcher Spear [Rating: 28] Favorites ----------- Power Improved Ion Engine Engine Improved Ion Engine Power Core Micro Nuclear Core Propulsion Light Treads Treads Light Treads Wheel Armored Wheel Utility Large Storage Unit Device Seismic Detector Storage Large Storage Unit Processor Improved Targeting Computer Protection Hardened Medium Armor Plating Weapon Flak Cannon Energy Gun Medium Laser Energy Cannon Particle Cannon Ballistic Gun Light Assault Rifle Ballistic Cannon Flak Cannon Launcher Rocket Launcher Build | -11 -10 -9 -9 -8 -8 ------- Run | Yrd Mat Mat Min Mat Gar Slots Evolved 4 | . . 2 . 2 . Power . | . . . . . . Propulsion 2 | . . . . 2 . Utility 2 | . . 2 . . . Weapon . | . . . . . . Parts Attached 50 | 7 2 7 . 6 28 Power 8 | 1 . 2 . . 5 Engine 5 | 1 . 2 . . 2 Core 3 | . . . . . 3 Reactor . | . . . . . . Propulsion 15 | 2 . 3 . 4 6 Treads 12 | 2 . 3 . 4 3 Leg . | . . . . . . Wheel 3 | . . . . . 3 Hover . | . . . . . . Flight . | . . . . . . Utility 10 | 2 1 2 . . 5 Device 2 | 1 . . . . 1 Storage 2 | 1 1 . . . . Processor 1 | . . 1 . . . Hackware . | . . . . . . Protection 5 | . . 1 . . 4 Artifact . | . . . . . . Weapon 17 | 2 1 . . 2 12 Energy Gun 5 | 1 1 . . 1 2 Energy Cannon 1 | . . . . . 1 Ballistic Gun 2 | 1 . . . 1 . Ballistic Cannon 5 | . . . . . 5 Launcher 4 | . . . . . 4 Special Weapon . | . . . . . . Impact Weapon . | . . . . . . Slashing Weapon . | . . . . . . Piercing Weapon . | . . . . . . Special Melee Weapon . | . . . . . . Unidentified Prototypes . | . . . . . . Parts Lost 24 | . . 1 1 . 22 Power 2 | . . . . . 2 Propulsion 9 | . . . . . 9 Utility 6 | . . . 1 . 5 Weapon 7 | . . 1 . . 6 Highest Loss Streak 6 | . . 1 1 . 6 To Critical Strikes 1 | . . . . . 1 Average Slot Usage (%) 84 | . 100 86 86 86 81 Engine 6 | . 14 11 11 9 3 Core 3 | . . . . . 5 Treads 20 | . 28 22 22 34 18 Wheel 6 | . . . . . 9 Device 4 | . 14 11 11 9 1 Storage 9 | . 14 11 11 9 9 Processor 7 | . . 3 11 9 9 Protection 7 | . . 7 9 . 8 Energy Gun 7 | . 21 20 11 9 2 Energy Cannon 1 | . . . . . 2 Ballistic Gun 1 | . 6 . . 6 . Ballistic Cannon 7 | . . . . . 9 Peak Build Rating 28 | 7 7 12 12 17 28 Average Rating 17 | 6 7 9 11 15 21 On Entrance 9 | . 7 7 12 11 17 Naked Turns . | . . . . . . Heaviest Build 50 | 14 29 34 32 34 50 Greatest Support 80 | 40 40 40 40 80 80 Greatest Overweight (x) 14 | . . . . . 14 Average Overweight (x) . | . . . . . . Largest Inventory Capacity 15 | 8 15 15 15 15 15 Average Capacity 14 | 7 14 15 15 15 15 Most Carried 15 | 5 7 15 15 14 15 Average Carried 10 | 3 5 10 14 11 11 Final Capacity 15 | 8 15 15 15 15 15 Final Carried 15 | 5 7 15 15 11 10 Class Distribution -------------------- 80% | Mutant 19% | Scavenger-Mutant Dominant Class ---------------- Mutant | -10/Materials Scavenger-Mutant | -9/Materials Scavenger-Mutant | -9/Mines Mutant | -8/Materials Mutant | -8/Garrison Resources | -11 -10 -9 -9 -8 -8 ----------- Run | Yrd Mat Mat Min Mat Gar Matter Collected 1322 | 191 131 71 . . 929 Remotely . | . . . . . . Salvage Created 1404 | 48 197 251 . . 908 Parts 82 | 8 9 14 . . 51 Haulers Intercepted 1 | . . 1 . . . Recyclers Shooed . | . . . . . . Parts Field Recycled . | . . . . . . Retrieved Matter . | . . . . . . Parts Self-Destructed . | . . . . . . Prevented . | . . . . . . Kills | -11 -10 -9 -9 -8 -8 ------- Run | Yrd Mat Mat Min Mat Gar Combat Hostiles Destroyed 44 | . 4 3 . . 37 Guns 11 | . 4 2 . . 5 Cannons 17 | . . . . . 17 AOE 15 | . . . . . 15 Classes Destroyed 10 | 1 2 4 . . 3 Worker 1 | . . 1 . . . Tunneler 3 | 3 . . . . . Hauler 1 | . . 1 . . . Watcher 3 | . 1 2 . . . Swarmer 11 | . . . . . 11 Grunt 24 | . 4 1 . . 19 Brawler 1 | . . 1 . . . Sentry 4 | . . 1 . . 3 Programmer 3 | . . . . . 3 Behemoth 1 | . . . . . 1 Best Kill Streak 7 | 1 3 3 . . 7 Combat Bots Only 7 | . 3 2 . . 7 Max Kills in Single Turn 3 | 1 1 1 . . 3 Gunslinging . | . . . . . . Exploded 3 | . . . . . 3 Melee . | . . . . . . Uniques/NPCs Destroyed . | . . . . . . Combat | -11 -10 -9 -9 -8 -8 -------- Run | Yrd Mat Mat Min Mat Gar Hostile Shots Fired 342 | . 34 30 2 . 276 Missed 90 | . 8 10 1 . 71 Damage Taken 4759 | . 331 289 126 . 4013 Core 662 | . 58 24 . . 580 Absorbed by Shields 43 | . . . . . 43 Core Remaining (%) 90 | 100 76 . 94 . . Volleys Fired 177 | 22 21 19 . . 115 Largest 2 | 2 2 2 . . 2 Hottest 122 | 70 90 90 . . 122 Shots Fired 268 | 44 42 35 . . 147 Gun 156 | 44 42 35 . . 35 Cannon 97 | . . . . . 97 Launcher 15 | . . . . . 15 Special . | . . . . . . Kinetic 123 | 22 18 . . . 83 Thermal 130 | 22 24 35 . . 49 Explosive 15 | . . . . . 15 Electromagnetic . | . . . . . . Robot Hit Streak 18 | 5 10 7 . . 18 Robot Miss Streak 5 | 5 4 1 . . 5 Penetration Max . | . . . . . . Secondary Targets 2 | . 1 1 . . . Max Gunslinging Chain 1 | . 1 1 . . . Shots Hit Robots 174 | 22 25 29 . . 98 Core Hits 142 | 6 10 9 . . 117 Critical Kills 4 | . . . . . 4 Critical Parts Destroyed 7 | . . . . . 7 Critical Strikes 16 | 1 1 1 . . 13 Burn 3 | 1 1 1 . . . Destroy 11 | . . . . . 11 Blast 2 | . . . . . 2 Melee Attacks . | . . . . . . Impact . | . . . . . . Slashing . | . . . . . . Piercing . | . . . . . . Sneak Attacks . | . . . . . . Combat Hostiles . | . . . . . . Follow-up Attacks . | . . . . . . Damage Inflicted 4195 | 260 276 353 . . 3306 Guns 1467 | 260 260 337 . . 610 Cannons 1506 | . . . . . 1506 Explosions 1190 | . . . . . 1190 Melee . | . . . . . . Ramming 32 | . 16 16 . . . Kinetic 1629 | 146 84 . . . 1399 Thermal 1344 | 114 176 337 . . 717 Explosive 1190 | . . . . . 1190 Electromagnetic . | . . . . . . Impact . | . . . . . . Slashing . | . . . . . . Piercing . | . . . . . . Highest Corruption 4 | . . 4 4 . 2 Average Corruption 2 | . . 4 4 . 1 Corruption Purged . | . . . . . . Corruption Blocked . | . . . . . . Effects 20 | . . 1 1 . 18 Message Errors 2 | . . . . . 2 Matter Fused 8 | . . 1 . . 7 Heat Flow Errors 1 | . . . . . 1 Energy Discharges 3 | . . . . . 3 Parts Rejected 1 | . . . . . 1 Data Loss (minor) 2 | . . . 1 . 1 Misfires 2 | . . . . . 2 Weapon Failures 1 | . . . . . 1 Overload Shots . | . . . . . . Overflow Damage 105 | . . . . . 105 Projectiles . | . . . . . . Explosions 105 | . . . . . 105 Melee . | . . . . . . Knockbacks 22 | . . . . . 22 Impact . | . . . . . . Kinetic 21 | . . . . . 21 Secondary 1 | . . . . . 1 Self-Inflicted Damage 199 | . . . . . 199 Shots 3 | . . . . . 3 Rammed 4 | . 2 2 . . . Targets Rammed 6 | . 3 3 . . . Kicked . | . . . . . . Crushed 2 | . 1 1 . . . Highest Temperature 403 | 80 321 203 . . 403 Average Temperature 115 | 30 119 87 . . 133 Received Heat Transfer 2178 | . 183 132 . . 1863 Effects 9 | . 3 . . . 6 Shutdowns 1 | . . . . . 1 Energy Bleed 1 | . 1 . . . . Interference 7 | . 2 . . . 5 Siege Activations . | . . . . . . Robots Corrupted . | . . . . . . Combat Hostiles . | . . . . . . Parts Fried . | . . . . . . Impact Corruptions . | . . . . . . Robots Melted 1 | . . 1 . . . Combat Hostiles 1 | . . 1 . . . Parts Melted 8 | 1 . 6 . . 1 Heat Transferred 2957 | 407 592 919 . . 1039 Parts Sabotaged . | . . . . . . Parts Stolen . | . . . . . . Parts Stripped . | . . . . . . Power Chain Reactions . | . . . . . . Alert | -11 -10 -9 -9 -8 -8 ------- Run | Yrd Mat Mat Min Mat Gar Peak Influence 1461 | 15 221 180 70 23 1461 Initial 70 | . 9 8 70 23 14 Average 470 | 4 136 74 68 23 681 Maximum Alert Level 4 | . 1 . . . 4 Low Security (%) 42 | 100 57 100 100 100 18 Level 1 17 | . 42 . . . 19 Level 2 8 | . . . . . 13 Level 3 16 | . . . . . 24 Level 4 15 | . . . . . 23 Level 5 . | . . . . . . High Security . | . . . . . . Max Security . | . . . . . . Squads Dispatched 3 | . 1 2 . . . Investigation . | . . . . . . Extermination . | . . . . . . Reinforcement 3 | . 1 2 . . . Assault . | . . . . . . Garrison . | . . . . . . Intercept . | . . . . . . Searches Triggered . | . . . . . . Construction Impeded . | . . . . . . Haulers Reinforced . | . . . . . . Active Scanning Responses . | . . . . . . Cargo Convoy Interrupts . | . . . . . . Stealth | -11 -10 -9 -9 -8 -8 --------- Run | Yrd Mat Mat Min Mat Gar Distress Signals 2 | . 1 1 . . . Communications Jammed . | . . . . . . Distress Signals . | . . . . . . Times Spotted 65 | . 10 18 1 . 36 Peak Tracking Total 11 | . 5 11 2 . 8 Tactical Retreats 5 | . 3 . . . 2 Traps | -11 -10 -9 -9 -8 -8 ------- Run | Yrd Mat Mat Min Mat Gar Traps Triggered 5 | . . . . . 5 Indirectly . | . . . . . . Trap Hack Attempts . | . . . . . . Triggered . | . . . . . . Disarmed 4 | . . 4 . . . Reprogrammed . | . . . . . . Reused . | . . . . . . Traps Extracted . | . . . . . . Installed . | . . . . . . Triggered . | . . . . . . Machines | -11 -10 -9 -9 -8 -8 ---------- Run | Yrd Mat Mat Min Mat Gar Machines Disabled 7 | . . . . . 7 Max in Single Turn 2 | . . . . . 2 Garrison Relay 3 | . . . . . 3 Phase Generator 1 | . . . . . 1 Machines Repaired . | . . . . . . Machines Dismantled . | . . . . . . Machines Sabotaged . | . . . . . . Overloaded Fab Kills . | . . . . . . Hacking | -11 -10 -9 -9 -8 -8 --------- Run | Yrd Mat Mat Min Mat Gar Machines Accessed 4 | . 1 1 . 1 1 Terminals 3 | . 1 1 . . 1 Fabricators . | . . . . . . Repair Stations . | . . . . . . Recycling Units . | . . . . . . Scanalyzers . | . . . . . . Garrison Access 1 | . . . . 1 . Total Hacks 7 | . 2 2 . 2 1 Successful 4 | . 1 1 . 1 1 Failed 3 | . 1 1 . 1 . Catastrophic . | . . . . . . Database Lockouts . | . . . . . . Manual 2 | . 2 . . . . Terminals 5 | . 2 2 . . 1 Fabricators . | . . . . . . Repair Stations . | . . . . . . Recycling Units . | . . . . . . Scanalyzers . | . . . . . . Garrison Access 2 | . . . . 2 . Terminal Hacks 3 | . 1 1 . . 1 Prototype ID Bank 1 | . 1 . . . . Emergency Access Points 1 | . . . . . 1 Disarm Traps 1 | . . 1 . . . Fabricator Hacks . | . . . . . . Repair Station Hacks . | . . . . . . Recycling Unit Hacks . | . . . . . . Scanalyzer . | . . . . . . Garrison Access Hacks 1 | . . . . 1 . Unlock Access 1 | . . . . 1 . Unauthorized Hacks . | . . . . . . Terminals . | . . . . . . Fabricators . | . . . . . . Repair Stations . | . . . . . . Recycling Units . | . . . . . . Scanalyzers . | . . . . . . Garrison Access . | . . . . . . Data Cores Recovered . | . . . . . . Used . | . . . . . . Hacking Detections 3 | . 1 . . 1 1 Full Trace Events . | . . . . . . Feedback Events . | . . . . . . Feedback Blocked . | . . . . . . Robot Schematics Acquired . | . . . . . . Robots Built . | . . . . . . Authchips . | . . . . . . Time . | . . . . . . Total Robot Build Rating . | . . . . . . Part Schematics Acquired . | . . . . . . Parts Built . | . . . . . . Authchips . | . . . . . . Time . | . . . . . . Total Part Build Rating . | . . . . . . Parts Repaired . | . . . . . . Time . | . . . . . . Parts Recycled . | . . . . . . Recycled Matter . | . . . . . . Retrieved Matter . | . . . . . . Retrieved Components . | . . . . . . Parts Scanalyzed . | . . . . . . Part Schematics Acquired . | . . . . . . Parts Damaged . | . . . . . . Bothacking | -11 -10 -9 -9 -8 -8 ------------ Run | Yrd Mat Mat Min Mat Gar Used RIF Installer . | . . . . . . Robots Hacked . | . . . . . . Non-combat . | . . . . . . Combat . | . . . . . . Robot Hacks Applied . | . . . . . . Relay Couplers Released 13 | . . . . . 13 Machine Destruction 13 | . . . . . 13 Fabnet Peak Effective % . | . . . . . . Robots Rewired . | . . . . . . Allies Hacked . | . . . . . . Hacks Repelled . | . . . . . . Allies | -11 -10 -9 -9 -8 -8 -------- Run | Yrd Mat Mat Min Mat Gar Total Allies . | . . . . . . Largest Group . | . . . . . . Highest-Rated Group . | . . . . . . Highest-Rated Ally . | . . . . . . Total Orders . | . . . . . . Ally Attacks . | . . . . . . Total Damage . | . . . . . . Kills . | . . . . . . Allies Corrupted . | . . . . . . Allies Melted . | . . . . . . Intel | -11 -10 -9 -9 -8 -8 ------- Run | Yrd Mat Mat Min Mat Gar Robot Analysis Total . | . . . . . . Derelict Logs Recovered . | . . . . . . Drone Launches . | . . . . . . Drone Recoveries . | . . . . . . Exploration | -11 -10 -9 -9 -8 -8 ------------- Run | Yrd Mat Mat Min Mat Gar Turns Passed 3574 | 280 416 396 86 71 2325 Spaces Moved 2013 | 129 212 179 49 39 1405 Core 10 | 3 . . . . 7 Treads 1289 | 126 212 179 49 39 684 Legs . | . . . . . . Wheels 714 | . . . . . 714 Hover . | . . . . . . Flight . | . . . . . . Fastest Speed 50 | 50 160 160 160 160 100 Average Speed 142 | 157 160 160 160 160 135 Slowest Speed 750 | 160 160 160 160 160 750 Overloaded Moves . | . . . . . . Propulsion Burnouts . | . . . . . . Robots Hopped . | . . . . . . Cave-ins Triggered . | . . . . . . Exploration Rate (%) 30 | 11 30 22 22 4 94 Regions Visited 5 Branch Regions 1 Pre-discovered Areas . | . . . . . . Known Exits Taken 1 | . . . . 1 . Unknown Exits Taken 4 | 1 1 1 1 . . Scrap Searched . | . . . . . . Spaces Dug 8 | . . . . . 8 Terrain Destroyed 126 | . . . . . 126 Melee . | . . . . . . Projectile 2 | . . . . . 2 AOE 124 | . . . . . 124 Terrain Rammed . | . . . . . . Walls Destroyed . | . . . . . . Machines Disabled . | . . . . . . Actions | -11 -10 -9 -9 -8 -8 --------- Run | Yrd Mat Mat Min Mat Gar Total 2453 | 163 248 250 60 48 1684 Wait 129 | 1 8 31 8 . 81 Move 2008 | 128 211 178 48 38 1405 Hop . | . . . . . . Pick Up 38 | 5 2 9 2 1 19 Fast Attach 14 | 7 . 2 . 1 4 Attach 17 | . . . . 3 14 Detach . | . . . . . . Swap 19 | . 2 5 . 2 10 Drop 17 | . 1 3 2 3 8 Fire 177 | 22 21 19 . . 115 Melee . | . . . . . . Ram . | . . . . . . Kick . | . . . . . . Crush 6 | . 3 3 . . . Escape Stasis 28 | . . . . . 28 Rewire . | . . . . . . Trap . | . . . . . . Miscellaneous . | . . . . . . Route ------- -11/Scrapyard -10/Materials -9/Materials -9/Mines (discovered 2 exits: *Mat x2) -8/Materials -8/Garrison (discovered 3 exits: [*Fac x3]) History --------- Turn | Location | Event 43 | -11/Scrapyard | Discovered new exit (range 16) 281 | -11/Scrapyard | Entered Materials 301 | -10/Materials | Build established: Mutant 574 | -10/Materials | Discovered new exit (range 5) 697 | -10/Materials | Entered another Materials area 697 | -9/Materials | Evolved 2 slots: Utility x2 1079 | -9/Materials | Discovered new exit (range 10) 1093 | -9/Materials | Entered Mines 1114 | -9/Mines | Discovered new exit (range 11) 1117 | -9/Mines | Build established: Scavenger-Mutant 1139 | -9/Mines | Received a Rocket Launcher from a helpful Derelict 1162 | -9/Mines | Discovered new exit (range 4) 1164 | -9/Mines | Assembled infested the area 1179 | -9/Mines | Entered Materials 1179 | -8/Materials | Evolved 2 slots: Propulsion x2 1249 | -8/Materials | Identified exit to Garrison 1250 | -8/Materials | Entered Garrison 1419 | -8/Garrison | Spotted B-75 Beast 1419 | -8/Garrison | Spotted B-75 Beast 1484 | -8/Garrison | Build established: Mutant 1503 | -8/Garrison | Destroyed B-75 Beast 1532 | -8/Garrison | Lost 4 parts (1n1u2w) 1675 | -8/Garrison | Triggered checkpoint 1708 | -8/Garrison | Destroyed 7 combat bots 1751 | -8/Garrison | Discovered new exit (range 10) 1838 | -8/Garrison | Triggered checkpoint 1838 | -8/Garrison | Triggered checkpoint 2142 | -8/Garrison | Garrison Relay disabled 2198 | -8/Garrison | Garrison Relay disabled 2369 | -8/Garrison | Garrison Relay disabled 2407 | -8/Garrison | Discovered new exit (range 14) 2463 | -8/Garrison | Build established: Scavenger-Mutant 2526 | -8/Garrison | Triggered checkpoint 2571 | -8/Garrison | Lost 3 parts (1n1u1w) 2691 | -8/Garrison | Discovered new exit (range 10) 2727 | -8/Garrison | Phase Generator disabled 2814 | -8/Garrison | Triggered checkpoint 2823 | -8/Garrison | Build established: Mutant 2994 | -8/Garrison | Triggered checkpoint 3410 | -8/Garrison | Core integrity fell below 50% 3447 | -8/Garrison | Lost 3 parts (2n1u) 3490 | -8/Garrison | Triggered checkpoint 3548 | -8/Garrison | Core integrity fell below 20% 3575 | -8/Garrison | Destroyed by B-75 Beast with Magnetic Acceleration Cannon Last Messages --------------- 03506_ Critical hit (Burn: +37). 03507_ Acquired 88 matter. 03508_ Kinecellerator destroyed. 03518_ G-47 Trooper destroyed. 03522_ Power failure, Imp. Ion Engine shutdown. 03523_ Overheating: System interference. 03523_ Magnetic Acceleration Cannon temporarily disabled. 03523_ Acquired 1 matter. 03523_ Acquired 8 matter. 03525_ Magnetic Acceleration Cannon destroyed. 03538_ Knocked back. 03541_ Spread Laser destroyed. 03543_ B-75 Beast Imp. Medium Treads blasted off. 03544_ Arm. Wheel destroyed. 03544_ Knocked back. 03563_ B-75 Beast Imp. Medium Treads blasted off. 03565_ Hrd. Medium Armor Plating destroyed. 03565_ Knocked back. 03567_ Acquired 6 matter. 03572_ Imp. Ion Engine destroyed. Map ----- +----------------------------------------------------+ | ????### #??????????????#### ####???????????? | | ??????# ##????????????????# #####??????????????? | | ????### ###??????????????# #??????????????????? | | ????# "#??????????????# ###????????????????? | | ##### "#??????????????# #"#????????????????? | | # "#??????????????# "#????######??????? | | # ### "#??????????????# "#???""""""""?????? | | # #?### ###??????????????# "#?#"""!!!!"""????? | | # #???# ##????????????????# #"#?#"" ""#???? | | # #???# #?????????????????# ###?#"! !"#???? | | # ##### ##????????????????# #???#"! !"#???? | | #????????????????# #???#"! !"#???? | | #??????????????### #???#"! !"#???? | | #????????###???# #???#"! !"#???? | | # ##### #????????# ???# #####"! !"????? | | # #???# #????????# #???# # " "?????# | | # ##### #????????# #?##### # #??# #??????# | | # ## #??????### ### # ## # #### ######## | | # ## ## #??????# = | | # ##### #??????# [! % | | # #!!## #??????# = [ | | #^#!!## #??????# ##### # # ############ | | + + ## #??????# #??### ### ##???????## | | # #!!## #??????#% #????# #?###????????# | | #!#!!## ##??#### =####### ##"T"#????????# | | # ##### #??#% BB % @ "#????????# | | # #??## #####"##% BB###### ######????????# | | # #??## = # *% ## #?????# ############### | | # ##### * # %## #?????# | | # ## # [ = % ####### ############### | | % #?????????????# | | #?????????????# | | # ## ## = ## ## ### ######?????????????## | | # ##### ## %" ## ### #???????????????????## | | # " * #????????????????????### | | ##### [=###???????????????????????# | | ????# [=[#?????????????????????????? | | ????# = * #?????????????????????????? | | ?###### # ## ###?????????????????????????? | | ##T### # # ###?????????????????????????? | | ^ ^ ####???????????????????????? | | ^ ^ #???????????????????????? | | ####### ^ ### #???????????????????????? | | ??????## ### = ## #?# ###############?????????? | | ???????# #?# !## #?# #?????????? | | ???????# #?####### #?# ############# #?????????? | | ######## #???????# #?# #???????????????????????? | | #???????# #?# #???????????????????????? | | ########"#???????# #?# #???????????????????????? | | ????# "= ??????# ############################# | +----------------------------------------------------+ Best States ------------- Heat Dissipation 31 Energy Generation 15 Energy Capacity 265 Matter Stores 300 Matter Capacity 300 Sight Range 16 Terrain Scan Density 10 Armor Coverage 225 Evasion (%) 40 Targeting Accuracy 6 Recoil Reduction 4 Kinecelleration 30 Item Schematics ----------------- None Robot Schematics ------------------ None Fabricated ------------ Nothing Alien Tech Used ----------------- None Achievements -------------- None Challenges ------------ None Game ------ Seed PowerSiegeArray Manual? 0 Play Time 00:27:25 Cumulative 57.8 hours Start 2025.04.28 @ 13:29:20 End 2025.04.28 @ 13:54:42 Sessions 1 Manual Loads 0 Difficulty Rogue Special Mode None Game No. 170 Rogue 170 Adventurer 0 Explorer 0 Win Type - Total 0 Types 0/0/0/0/0/0/0/0/0 Lore% 16 Gallery% 40 Achievement% 32 Wizard Run 0 Options --------- Layout 0 ASCII 0 Keyboard 0 Movement Numpad Keybinds 0 Fullscreen 2 Font 18/Terminus Map View 76x50 Zoom Use 0% Tactical HUD 1 Map Filters NONE Filters NONE Steam 1 RUN: 96db0ab3-1920-4e4d-be3f-d79ef454ff1c